 Dungeon Crawl Stone Soup version 0.28-a0-1510-gd0f6b136d3 (webtiles) character file.

Game seed: 11288974503099492895

30 testman the Magician (level 3, 0/28 HPs)
             Began as a Djinni Hedge Wizard on Jan 15, 2022.
             Was a Plaything of Xom.
             Slain by Terence (2 damage)
             ... on level 2 of the Dungeon.
             The game lasted 00:05:02 (2267 turns).

testman the Magician (Djinni Hedge Wizard)          Turns: 2267, Time: 00:05:02

Health: 0/28       AC:  3    Str:  9    XL:     3   Next: 35%
Gold:   71         EV: 12    Int: 17    God:    Xom [..*...] SH:  0 Dex: 12

rFire   + + .      SeeInvis .   a - +0 dagger
rCold   x . .      Faith    .   (no shield)
rNeg    . . .      Spirit   .   b - +0 robe
rPois   ∞          Reflect  .   c - +0 hat
rElec   .          Harm     .   i - +0 cloak
rCorr   .          Rampage  .   (no gloves)
Will    .....                   (boots unavailable)
Stlth   ++........              (no amulet)
HPRegen 0.09/turn               (no ring)
MPRegen 0.00/turn               (no ring)

@: flying
A: sickness immunity, fire resistance 2, cold vulnerability 1, float, innate
caster, hp casting, extra vitality 1
a: Renounce Religion


You were on level 2 of the Dungeon.
You worshipped Xom.
You were a toy of Xom.
You visited 1 branch of the dungeon, and saw 2 of its levels.

You collected 71 gold pieces.

Inventory:

Hand Weapons
 a - a +0 dagger (weapon)
 g - a +0 antimagic whip
Missiles
 d - 82 stones
 e - 2 javelins
Armour
 b - a +0 robe (worn)
 c - a +0 hat (worn)
 i - a +0 cloak (worn)
Scrolls
 f - a scroll of vulnerability {unknown}
Potions
 h - a potion of flight {unknown}


   Skills:
 + Level 1.8 Fighting
 - Level 2.1 Dodging
 - Level 1.5 Stealth
 + Level 2.9 Spellcasting


You couldn't memorise any spells.
You knew the following spells:

 Your Spells              Type           Power      Damage    Failure   Level
a - Magic Dart            Conj           48%        1d5       5%          1
b - Blink                 Tloc           24%        N/A       8%          2
c - Call Imp              Summ           12%        N/A       8%          2
d - Slow                  Hex            48%        N/A       5%          1
e - Conjure Flame         Conj/Fire      12%        6-21      16%         3
f - Mephitic Cloud        Conj/Pois/Air  12%        N/A       16%         3
g - Freeze                Ice            48%        1d7       5%          1
Your spell library was empty.

Dungeon Overview and Level Annotations

Branches:
Dungeon (2/15)

Altars:
Xom

Shops:
D:2 *

Annotations:
D:2 Terence


Innate Abilities, Weirdness & Mutations

You are immune to sickness and miasma.
You are immune to poison.
Your flesh is very heat resistant. (rF++)
You are vulnerable to cold. (rC-)
You float through the air rather than walking.
You learn spells naturally, not from books.
Your magical power is your life essence.
You have superior vitality. (+4 MHP)


Message History

You freeze Terence.
Terence is moderately wounded.
* * * LOW HITPOINT WARNING * * *
Your shadow imp hits Terence but does no damage.
Terence hits you with a +0 mace.
* * * LOW HITPOINT WARNING * * *
Casting: Freeze (safe; 5% risk of failure)
Confirm with . or Enter, or press ? or * to list all spells.
Aiming: Freeze (safe; 5% risk of failure)
Press: ? - help, Shift-Dir - straight line, f/p - Terence
Aim: Terence, wielding a +0 mace and wearing a +0 chain mail (moderately wounded, ally target)
You freeze Terence.
Terence is heavily wounded.
* * * LOW HITPOINT WARNING * * *
Your shadow imp hits Terence.
Terence hits your shadow imp with a +0 mace!
Casting: Freeze (safe; 5% risk of failure)
Confirm with . or Enter, or press ? or * to list all spells.
You don't have enough health to cast this spell.
Unknown command.
Casting: Freeze (safe; 5% risk of failure)
Confirm with . or Enter, or press ? or * to list all spells.
You don't have enough health to cast this spell.
You hit Terence but do no damage.
Terence is heavily wounded.
Your shadow imp gestures at Terence.
Terence writhes in agony.
Terence barely misses your shadow imp.
You hit Terence but do no damage.
Terence is severely wounded.
Your shadow imp closely misses Terence.
Terence misses you.
You completely miss Terence.
Terence is severely wounded.
Your shadow imp hits Terence but does no damage.
Terence hits your shadow imp with a +0 mace.
Your shadow imp dies!
Your shadow imp disappears in a puff of smoke!
You hit Terence but do no damage.
Terence is severely wounded.
Terence hits you with a +0 mace.
You die...

#####.#.....#
#......#
....#.#.....#
#......#
....#.#######
#.###### ....#.#
####### #.#
.####.###.....###.#
.## #..........#
..# #..........#
#.## #..........#
#..# #........@.#
.#.# #........@.#
.#.# ######.##§..#
.#.# #.##...# .#..
#.##...# ###. ..
#...# .. # #...# #.
.....


You could see Terence.

Vanquished Creatures
  An adder (D:2)
  A dart slug (D:1)
  A ball python (D:1)
  An endoplasm (D:1)
  A goblin (D:1)
  2 hobgoblins (D:1)
  5 jackals
  2 bats
  3 kobolds (D:1)
  A rat (D:1)
18 creatures vanquished.

Notes
Turn   | Place    | Note
-------+----------+-------------------------------------------
     0 | D:1      | testman the Djinni Hedge Wizard began the quest for the
                  | Orb.
     0 | D:1      | Reached XP level 1. HP: 15/15 MP: 0/0
   224 | D:1      | Reached skill level 1 in Fighting
   224 | D:1      | Reached XP level 2. HP: 19/22 MP: 0/0
  1175 | D:1      | Found a faded altar of an unknown god.
  1182 | D:1      | Prayed at the altar of an unknown god.
  1182 | D:1      | Became a worshipper of Xom of Chaos
  1577 | D:2      | XOM: potion effect (invisibility)
  1585 | D:2      | Reached XP level 3. HP: 10/28 MP: 0/0
  1585 | D:2      | Learned a level 1 spell: Freeze
  1797 | D:2      | Found Kuxyol's Assorted Antiques.
  2253 | D:2      | Noticed Terence
  2267 | D:2      | Slain by Terence

Illustrated notes

Levels and vault maps discovered:
D:1:      scummos_arrival_forest, layout_basic, basic_ecumenical_altar
D:2:      layout_basic, serial_shops, shop, uniq_terence

Skill      XL: |  1 |
---------------+----+-----
Fighting       | 1 |  1.8
Dodging        | |  2.1
Stealth        | |  1.5
Spellcasting   | |  2.9

Action                   || total
-------------------------++-------
Melee: Dagger            ||    57
 Cast: Magic Dart        ||    31
       Freeze            ||     3
       Slow              ||     1
       Mephitic Cloud    ||     1
       Call Imp          ||     1
 Stab: Invisible         ||     1
       Sleeping          ||     1
Armor: Robe              ||    10
Dodge: Dodged            ||    32

Table legend: (Time is in decaauts)
 A = Elapsed time spent in this place.
 B = Non-inter-level travel time spent in this place.
 C = Inter-level travel time spent in this place.
 D = Time resting spent in this place.
 E = Time spent auto-exploring this place.
 F = Levels seen in this place.
 G = Mean time per level.
                   A        B        C        D        E       F      G
               +--------+--------+--------+--------+--------+-----+--------+
         Total |   2266 |   2169 |     97 |    664 |   1308 |   2 | 1133.0 |
       Dungeon |   2266 |   2169 |     97 |    664 |   1308 |   2 | 1133.0 |
               +--------+--------+--------+--------+--------+-----+--------+

Top non-repeatable levels by time:
     D:1: 1519 daAuts
     D:2: 747 daAuts
